 Dungeon Crawl Stone Soup version 0.21-a0-401-g0b6bec4 (webtiles) character file.

1451 kisak the Cleaver (level 8, -8/70 HPs)
             Began as a Minotaur Fighter on Oct 23, 2017.
             Was a Follower of Trog.
             Mangled by an orc warrior
             ... wielding a +0 great mace
              (31 damage)
             ... on level 7 of the Dungeon.
             The game lasted 00:12:59 (4876 turns).

kisak the Cleaver (Minotaur Fighter)                Turns: 4876, Time: 00:13:00

Health: -8/70      AC:  7    Str: 26    XL:     8   Next: 47%
Magic:  7/7        EV: 12    Int:  5    God:    Trog [*.....]
Gold:   296        SH: 10    Dex: 12    Spells: 7/7 levels left

rFire    . . .     SeeInvis .   a - +0 war axe
rCold    . . .     Gourm    .   c - +0 shield
rNeg     + . .     Faith    .   b - +0 scale mail
rPois    .         Spirit   .   (helmet restricted)
rElec    .         Reflect  .   A - scarf {repulsion}
rCorr    .         Harm     +   (no gloves)
MR       .....                  (no boots)
Stlth    ..........             x - amulet of harm
HPRegen  0.21/turn              z - ring of positive energy
MPRegen  0.10/turn              w - +4 ring of evasion

@: mighty, heavily drained, repel missiles
A: retaliatory headbutt, horns 2
a: Berserk, Burn Spellbooks, Renounce Religion


You were on level 7 of the Dungeon.
You worshipped Trog.
Trog was aware of your devotion.
You were not hungry.

You visited 1 branch of the dungeon, and saw 7 of its levels.

You collected 296 gold pieces.

Inventory:

Hand Weapons
 a - a +0 war axe (weapon)
Armour
 b - a +0 scale mail (worn)
 c - a +0 shield (worn)
 A - a scarf of repulsion (worn)
Jewellery
 i - an uncursed ring of positive energy
 o - an uncursed ring of ice
 u - an uncursed amulet of magic regeneration
 w - a +4 ring of evasion (right hand)
 x - an amulet of harm (around neck)
 z - a ring of positive energy (left hand)
Scrolls
 h - a scroll of magic mapping
 m - a scroll of identify
Potions
 g - a potion of heal wounds {unknown}
 p - 3 potions of flight
 q - 2 potions of cancellation {unknown}
 r - 2 potions of mutation {unknown}
 s - 2 potions of magic {unknown}
Books
 f - a book of Cantrips

   Spells                             Type                      Level
   a - Confusing Touch                Hexes                        1
   b - Animate Skeleton               Necromancy                   1
   c - Summon Small Mammal            Summoning                    1
   d - Apportation                    Translocation                1
   Trog disapproves of the use of such an item.
Comestibles
 j - a bread ration
 k - a fruit
 l - a meat ration
 v - a royal jelly


   Skills:
 + Level 5.9(4.2) Fighting
 + Level 8.3(6.5) Axes
 + Level 7.0(5.3) Armour
 + Level 2.4(0.9) Dodging
 + Level 6.4(4.6) Shields


You had 7 spell levels left.
You didn't know any spells.

Dungeon Overview and Level Annotations

Branches:
Dungeon (7/15)
 Temple: D:4-7

Altars:
Cheibriados
Elyvilon
Gozag
Kikubaaqudgha
Okawaru
Sif Muna
Trog
Uskayaw
Xom

Shops:
D:4 !   D:6 *


Innate Abilities, Weirdness & Mutations

You reflexively headbutt those who attack you in melee.
You have a pair of horns on your head.


Message History

The puff of flame hits you!
You feel very mighty all of a sudden.
You are too injured to fight recklessly!
You are too injured to fight recklessly!
You are too injured to fight recklessly!
An orc comes into view. It is wielding a short sword.
The orc shouts!
You hear a shout!
Found a cloak.
An orc comes into view. It is wielding a dire flail.
You block the orc warrior's attack.
The orc wizard points at you and mumbles some strange words.
The magic dart hits you!
An orc priest comes into view. It is wielding a flail.
You completely miss the orc warrior.
The orc priest shouts!
Your headbutt misses the orc warrior.
As you read the scroll labeled YWKIROICKO, it crumbles to dust.
Your ears itch!
It was a scroll of random uselessness.
The orc warrior hits you with a great mace!!
You die...

..... ##[# #+##
...> .... #..#
..# .....#..##..#
.....#......#####
.................
#...oo..........
##....#o#.#.#####
..o....@.....#
......#)#.#..#
....o........#
##.##.#.#.#.## #.
#.......# .#
#..#....# .#
#..#....+ .#
#..#.>..# .#


You could see an orc warrior, an orc priest, an orc wizard and 2 orcs.

Vanquished Creatures
  The ghost of cerealjynx the Chopper, an amateur MiBe of Trog (D:3)
  A sky beast (D:5)
  2 ice beasts
  2 phantoms
  An ogre (D:5)
  2 scorpions
  A howler monkey (D:5)
  A bullfrog zombie (D:7)
  A centaur zombie (D:5)
  4 hounds
  An orc priest (D:7)
  An iguana (D:4)
  2 orc wizards (D:7)
  3 worker ants
  A hound skeleton (D:6)
  6 adders
  3 gnolls (D:6)
  2 oozes
  A worm (D:5)
  3 dart slugs
  3 leopard geckos
  8 orcs
  A ball python (D:6)
  7 bats
  3 giant cockroaches
  4 hobgoblins
  5 jackals
  6 quokkas
  4 frilled lizards
  6 goblins
  4 kobolds
  A quokka zombie (D:5)
  4 rats
95 creatures vanquished.

Notes
Turn   | Place    | Note
-------+----------+-------------------------------------------
     0 | D:1      | kisak the Minotaur Fighter began the quest for the Orb.
     0 | D:1      | Reached XP level 1. HP: 19/19 MP: 0/0
   109 | D:1      | Reached XP level 2. HP: 27/27 MP: 1/1
   841 | D:2      | Reached XP level 3. HP: 23/33 MP: 2/2
  1379 | D:3      | Noticed cerealjynx's ghost (amateur MiBe)
  1389 | D:3      | Killed cerealjynx's ghost
  1389 | D:3      | Reached skill level 4 in Axes
  1389 | D:3      | Reached skill level 5 in Armour
  1389 | D:3      | Reached skill level 1 in Dodging
  1389 | D:3      | Reached XP level 4. HP: 21/41 MP: 3/3
  1389 | D:3      | Reached XP level 5. HP: 25/47 MP: 4/4
  1389 | D:3      | Reached XP level 6. HP: 28/53 MP: 5/5
  1805 | D:3      | Found a bloodstained altar of Trog.
  1810 | D:3      | Became a worshipper of Trog the Wrathful
  2028 | D:4      | Found a white marble altar of Elyvilon.
  2072 | D:4      | Reached skill level 5 in Axes
  2194 | D:4      | Found a hide-covered altar of Uskayaw.
  2292 | D:4      | Reached skill level 5 in Shields
  2565 | D:4      | Reached skill level 5 in Fighting
  2608 | D:4      | Reached skill level 6 in Axes
  2608 | D:4      | Reached XP level 7. HP: 51/61 MP: 6/6
  2802 | D:4      | Found Toinic's Distillery.
  3169 | D:5      | Entered Level 5 of the Dungeon
  3178 | D:5      | Found a shimmering altar of Xom.
  3517 | D:5      | Reached skill level 7 in Axes
  3555 | D:5      | Found an ancient bone altar of Kikubaaqudgha.
  3564 | D:5      | Found an iron altar of Okawaru.
  3882 | D:6      | Found an opulent altar of Gozag.
  3968 | D:6      | Reached XP level 8. HP: 62/69 MP: 7/7
  4141 | D:6      | Found Huokujug's Elemental Accessories.
  4186 | D:6      | Reached * piety under Trog
  4220 | D:6      | Found a deep blue altar of Sif Muna.
  4303 | D:6      | Found a snail-covered altar of Cheibriados.
  4606 | D:7      | Reached skill level 8 in Axes
  4876 | D:7      | Mangled by an orc warrior

Vault maps used:
D:1:      co_arrival_square_in_a_square_in_a_square
D:2:      first_bread
D:3:      lightli_temple_of_fire, interstate_on_off
D:4:      elyvilon_altar_3, lemuel_doored_altar, serial_shops, shop
D:5:      kennysheep_little_box, nicolae_overflow_hidden_temple,
          lemuel_round_altar
D:6:      cheibrodos_worm_habitat, grunt_gozag_breadcrumbs, basic_altar,
          nicolae_elemental_shop
D:7:      minmay_temple_entry_statues_pillars, serial_shops, shop, serial_glass,
          glass_columns_a, glass_columns_b, grunt_dithmenos_smoke_and_mirrors

Skill      XL: |  1  2  3  4  5  6  7  8 |
---------------+-------------------------+-----
Shields        | 4 5 6 |  6.4
Armour         | 4 5 6 7 |  7.0
Fighting       | 4 5 |  5.9
Axes           | 4 6 7 8 |  8.3
Dodging        | 1 2 |  2.4

Action                   |  1- 3 |  4- 6 |  7- 9 || total
-------------------------+-------+-------+-------++-------
Melee: War axe           |    76 |    62 |   124 ||   262
       Headbutt          |    11 |     9 |    21 ||    41
  Use: Potion            |     2 |     2 |     7 ||    11
       Scroll            |       |     3 |     9 ||    12
  Eat: Bread ration      |     1 |       |     2 ||     3
       Chunk             |     1 |       |     1 ||     2
       Fruit             |       |       |     1 ||     1
Armor: Scale mail        |    31 |    17 |    21 ||    69
Dodge: Dodged            |    28 |    22 |    48 ||    98
Block: Shield            |    29 |    25 |    64 ||   118

Table legend:
 A = Spawn XP
 B = Non-spawn XP
 C = Spawn XP percentage of total XP
 D = Spawn monster count
 E = Non-spawn monster count
 F = Spawn count percentage of total count
 G = Total turns spent on level
                    A         B        C        D         E        F      G
               +---------+---------+-------+---------+---------+-------+---------
         Total |       0 |    2074 |   0.0 |       0 |      95 |   0.0 |  4876
               +---------+---------+-------+---------+---------+-------+---------
           D:1 |       0 |      38 |   0.0 |       0 |      18 |   0.0 |   725
           D:2 |       0 |      24 |   0.0 |       0 |       7 |   0.0 |   504
           D:3 |       0 |     347 |   0.0 |       0 |      13 |   0.0 |   756
           D:4 |       0 |     335 |   0.0 |       0 |      11 |   0.0 |  1184
           D:5 |       0 |     546 |   0.0 |       0 |      22 |   0.0 |   704
           D:6 |       0 |     490 |   0.0 |       0 |      15 |   0.0 |   690
           D:7 |       0 |     294 |   0.0 |       0 |       9 |   0.0 |   313
               +---------+---------+-------+---------+---------+-------+---------
